 Dungeon Crawl Stone Soup version 0.24.0-125-gc4c63601f3 (webtiles) character file.

Game seed: 9092740742586662664, levelgen mode: deterministic

369 Incroyableducul the Chopper (level 6, -1/57 HPs)
             Began as a Naga Fighter on Mar 15, 2020.
             Killed by divine providence
             ... invoked by an orc priest
              (12 damage)
             ... on level 3 of the Dungeon.
             The game lasted 00:14:16 (3508 turns).

Incroyableducul the Chopper (Naga Fighter)          Turns: 3508, Time: 00:14:17

Health: -1/57      AC:  5    Str: 21    XL:     6   Next: 70%
Magic:  6/6        EV:  5    Int:  8    God:
Gold:   129        SH:  9    Dex: 10    Spells: 5/5 levels left

rFire    . . .     SeeInvis +   h - +0 hand axe
rCold    . . .     Gourm    .   c - +0 shield
rNeg     . . .     Faith    .   b - +0 scale mail
rPois    +         Spirit   .   (no helmet)
rElec    .         Reflect  .   (no cloak)
rCorr    .         Harm     .   (no gloves)
MR       .....                  (no barding)
Stlth    ..........             (no amulet)
HPRegen  0.19/turn              (no ring)
MPRegen  0.10/turn              (no ring)

@: lightly drained, very slow
A: large, see invisible, deformed body, poison resistance, slowness 2, slow
metabolism 1, spit poison 1, AC +2
a: Spit Poison


You were on level 3 of the Dungeon.
You were hungry.

You visited 1 branch of the dungeon, and saw 3 of its levels.
You also visited: Sewer.

You collected 129 gold pieces.

Inventory:

Hand Weapons
 a - a +0 war axe
 h - a +0 hand axe (weapon)
Armour
 b - a +0 scale mail (worn)
 c - a +0 shield (worn)
Scrolls
 e - 3 scrolls of remove curse {unknown}
 i - 2 scrolls of amnesia {unknown}
 j - 5 scrolls of identify {unknown}
 l - a scroll of fear {unknown}
 m - a scroll of enchant armour {unknown}
 n - a scroll of magic mapping {unknown}
 o - 2 scrolls of blinking {unknown}
 p - 4 scrolls of teleportation {unknown}
 r - a scroll of immolation {unknown}
Potions
 d - 2 potions of might
 g - 4 potions of curing
 k - 5 potions of flight {unknown}
 q - a potion of lignification {unknown}
 s - 4 potions of heal wounds {unknown}
 u - 2 potions of brilliance {unknown}
 v - a potion of agility {unknown}
Comestibles
 f - 7 rations


   Skills:
 + Level 4.0(3.6) Fighting
 + Level 4.2(3.9) Axes
 + Level 3.8(3.5) Armour
 - Level 0.2(0.0) Dodging
 + Level 0.1(0.0) Stealth
 + Level 3.3(3.0) Shields


You had 5 spell levels left.
You didn't know any spells.
Your spell library was empty.

Dungeon Overview and Level Annotations

Branches:
Dungeon (3/15)              Sewer (visited)

Altars:
Dithmenos
Zin


Innate Abilities, Weirdness & Mutations

You cannot wear boots.
Your serpentine skin is tough. (AC +2)
You have supernaturally acute eyesight. (SInv)
Armour fits poorly on your strangely shaped body.
Your system is resistant to poisons. (rPois)
You cover ground very slowly.
You have a slow metabolism.
You can spit poison.


Message History

The orc wizard hits you but does no damage.
You block the orc warrior's attack. The orc wizard barely misses you.
The orc priest hits you with a +0 mace! The goblin hits you but does no damage.
You hit the orc priest.
The orc priest is severely wounded.
You hit the goblin. You barely miss the orc wizard.
The orc wizard gestures at you while chanting.
The magic dart hits you!
* * * LOW HITPOINT WARNING * * *
You block the orc warrior's attack. The goblin hits you but does no damage.
The orc priest invokes the aid of Beogh against you.
Pain shoots through your body!
* * * LOW HITPOINT WARNING * * *
The orc wizard hits you but does no damage.
It was a potion of curing.
You feel better.
You have got your breath back.
You block the orc warrior's attack.
The orc priest calls down the wrath of Beogh upon you.
Beogh smites you!
You die...

.## ...........>.....
...#....######..........
.......... #..........
.........#####..........
.........##(....).......
..........#........###.#
......oo..#........###.#
.....oogo.#.............
#@#.#.............
#.#.#.............
#...#..)..........
#..$.....[........
###...............
###.............
#.............
#.....######## #.....#


You could see an orc warrior, 2 orc priests, an orc wizard, an orc and a goblin.

Vanquished Creatures
  2 big kobolds (Sewer)
  Terence (D:2)
  A gnoll (D:1)
  5 adders
  6 river rats (Sewer)
  An ooze (Sewer)
  A worm (D:3)
  2 leopard geckos
  An orc (D:3)
  3 bats
  6 giant cockroaches
  8 goblins
  9 hobgoblins
  3 jackals (D:1)
  A quokka (D:2)
  4 ball pythons (Sewer)
  6 frilled lizards
  18 kobolds
  27 rats
105 creatures vanquished.

Notes
Turn   | Place    | Note
-------+----------+-------------------------------------------
     0 | D:1      | Incroyableducul the Naga Fighter began the quest for the
                  | Orb.
     0 | D:1      | Reached XP level 1. HP: 21/21 MP: 1/1
   224 | D:1      | Reached XP level 2. HP: 19/28 MP: 2/2
   583 | D:1      | Reached XP level 3. HP: 34/34 MP: 3/3
  1257 | D:2      | Reached XP level 4. HP: 42/42 MP: 4/4
  1518 | D:2      | Noticed Terence
  1544 | D:2      | Killed Terence
  1759 | D:2      | Found a glowing silver altar of Zin.
  1850 | D:2      | Found a shadowy altar of Dithmenos.
  2087 | D:3      | Found a shadowy altar of Dithmenos.
  2136 | D:3      | Found a glowing drain.
  2148 | D:3      | Reached XP level 5. HP: 16/49 MP: 5/5
  2251 | Sewer    | Entered a sewer
  2391 | Sewer    | Noticed a big kobold
  2398 | Sewer    | Killed a big kobold
  2716 | Sewer    | Reached XP level 6. HP: 37/57 MP: 6/6
  3500 | D:3      | Noticed an orc warrior
  3508 | D:3      | Killed from afar by an orc priest

Levels and vault maps discovered:
D:1:      eino_arrival_cavern_a, layout_loops_ring,
          chequers_serial_rivers_micro_b
D:2:      layout_loops_ring, zin_treasury, nicolae_overflow_hidden_temple,
          serial_glass, glass_columns_a, glass_columns_c, first_ration,
          minmay_distorted, uniq_terence
D:3:      layout_basic, portal_sewer_entry_a, grunt_dithmenos_smoke_and_mirrors

Skill      XL: |  1  2  3  4  5  6 |
---------------+-------------------+-----
Armour         | 3 |  3.8
Shields        | 3 |  3.3
Axes           | 3 4 |  4.2
Fighting       | 4 |  4.0
Dodging        | |  0.2
Stealth        | |  0.1

Action                   |  1- 3 |  4- 6 || total
-------------------------+-------+-------++-------
Melee: Hand axe          |   110 |   280 ||   390
       War axe           |     9 |       ||     9
 Abil: Spit Poison       |     5 |     1 ||     6
  Use: Potion            |       |     1 ||     1
  Eat: Chunk             |     1 |     2 ||     3
       Ration            |       |     1 ||     1
Armor: Scale mail        |    46 |   115 ||   161
Dodge: Dodged            |    23 |    61 ||    84
Block: Shield            |    57 |   121 ||   178
